 Dungeon Crawl Stone Soup version 0.25-a0-667-gb977e01cb5 (webtiles) character file.

Game seed: 2847986994867645071, levelgen mode: deterministic

253 DasRunzen the Ducker (level 5, 0/44 HPs)
             Began as a Demigod Gladiator on Mar 27, 2020.
             Slain by Anaz's ghost (5 damage)
             ... on level 3 of the Dungeon.
             The game lasted 00:06:22 (2380 turns).

DasRunzen the Ducker (Demigod Gladiator)            Turns: 2380, Time: 00:06:23

Health: 0/44       AC:  4    Str: 17      XL:     5   Next: 58%
Magic:  10/10      EV: 12    Int: 14      God:
Gold:   123        SH:  0    Dex: 10 (17) Spells: 7/7 levels left

rFire    . . .     SeeInvis .   a - +1 trident
rCold    . . .     Gourm    .   (no shield)
rNeg     . . .     Faith    .   b - +0 leather armour
rPois    +         Spirit   .   (helmet restricted)
rElec    .         Reflect  .   l - +0 cloak
rCorr    .         Harm     .   (no gloves)
MR       +....                  (no boots)
Stlth    ++........             (no amulet)
HPRegen  0.14/turn              m - ring of stealth
MPRegen  0.12/turn              (no ring)

@: flying
A: horns 1, high mp 1, magic resistance 1, poison resistance, MP-powered wands
a: no special abilities


You were on level 3 of the Dungeon.
You were not hungry.

You visited 1 branch of the dungeon, and saw 3 of its levels.

You collected 123 gold pieces.

Inventory:

Hand Weapons
 a - a +1 trident (weapon)
Missiles
 d - 3 throwing nets (quivered)
Armour
 b - a +0 leather armour (worn)
 c - a +0 helmet
 l - a +0 cloak (worn)
Jewellery
 m - a ring of stealth (left hand)
Scrolls
 g - a scroll of remove curse
 h - 4 scrolls of identify
 j - a scroll of teleportation
 k - a scroll of amnesia
 o - a scroll of enchant armour {unknown}
Potions
 i - a potion of resistance
Comestibles
 f - 5 rations
 p - 2 chunks of flesh


   Skills:
 + Level 2.9 Fighting
 + Level 3.5 Polearms
 - Level 1.7 Throwing
 + Level 2.1 Armour
 + Level 3.6 Dodging
 + Level 1.9 Spellcasting


You had 7 spell levels left.
You didn't know any spells.
Your spell library contained the following spells:

 Spells                   Type           Power        Failure   Level  Hunger
 Beastly Appendage        Tmut           #.....       28%         1    ##.....
 Sticks to Snakes         Tmut           #.......     41%         2    ###....
 Spider Form              Tmut/Pois      #.........   65%         3    ####...
 Ice Form                 Ice/Tmut       #.......     96%         4    #####..
 Blade Hands              Tmut           #.........   100%        5    ######.


Dungeon Overview and Level Annotations

Branches:
Dungeon (3/15)

Annotations:
D:3 1 transporter, Anaz's ghost, amateur DgAE


Innate Abilities, Weirdness & Mutations

You have an increased reservoir of magic. (+10% MP)
You have a pair of small horns on your head.
You are resistant to hostile enchantments. (MR+)
Your system is resistant to poisons. (rPois)
You expend magic power (3 MP) to strengthen your wands.


Message History

You miss Anaz's ghost.
Anaz's ghost is moderately damaged.
Anaz's ghost hits you.
* * * LOW HITPOINT WARNING * * *
You barely miss Anaz's ghost.
Anaz's ghost is moderately damaged.
Anaz's ghost is no longer moving quickly.
Anaz's ghost barely misses you.
It was a potion of mutation.
You feel extremely strange. A pair of horns grows on your head!
Your +0 helmet falls away!
You feel your magical essence link to the dungeon's wands.
You feel resistant to hostile enchantments.
You feel resistant to poisons. Anaz's ghost hits you.
* * * LOW HITPOINT WARNING * * *
It was a potion of flight.
You feel very buoyant.
You fly up into the air.
Anaz's ghost hits you.
You die...

#####.######...###########'######
................# #.# #..
######.#####.##.# #.# #..
..............#.# ######.# #..
######...).#....#####......####..
##...............######..>..
#..####.©.####...#####.....
#######.##..#####..###....##.....
........#.....[W@.#..##...##.....
######.##.##..=###....#...##.....
.......#.....#.)...#.##...##.....
.#..##.#..##..©..#..©#....##.....
.#..##.#.."...#.5##..#....#####.#
.#..##.##...#. .#....#........#..
........#....# .....##.######.###
........#####. ###.##..# #.....
............####©###..######..###


You could see Anaz's ghost.

Vanquished Creatures
  3 quasits (D:3)
  A gnoll (D:3)
  6 adders
  2 oozes (D:3)
  4 worms (D:2)
  A dart slug (D:2)
  3 leopard geckos
  5 orcs (D:3)
  3 ball pythons
  3 giant cockroaches
  8 goblins
  5 hobgoblins
  9 kobolds
  2 quokkas (D:3)
  5 bats
  3 frilled lizards
  2 rats
65 creatures vanquished.

Notes
Turn   | Place    | Note
-------+----------+-------------------------------------------
     0 | D:1      | DasRunzen the Demigod Gladiator began the quest for the
                  | Orb.
     0 | D:1      | Reached XP level 1. HP: 17/17 MP: 3/3
   228 | D:1      | Reached XP level 2. HP: 24/24 MP: 4/4
   625 | D:2      | Found a faded altar of an unknown god.
   716 | D:2      | Found an iron altar of Okawaru.
   755 | D:2      | Reached skill level 1 in Armour
   755 | D:2      | Reached XP level 3. HP: 25/29 MP: 6/6
   774 | D:2      | Reached skill level 1 in Spellcasting
  1111 | D:2      | Found an ancient bone altar of Kikubaaqudgha.
  1479 | D:2      | Reached XP level 4. HP: 37/37 MP: 8/8
  1735 | D:3      | Found a transporter.
  1742 | D:3      | Found a transporter.
  1999 | D:3      | Noticed Anaz's ghost (amateur DgAE)
  2332 | D:3      | Reached XP level 5. HP: 36/42 MP: 10/10
  2379 | D:3      | Gained mutation: You have a pair of small horns on your
                  | head. [potion of mutation]
  2379 | D:3      | Gained mutation: You expend magic power (3 MP) to
                  | strengthen your wands. [potion of mutation]
  2379 | D:3      | Gained mutation: You are resistant to hostile enchantments.
                  | (MR+) [potion of mutation]
  2379 | D:3      | Gained mutation: Your system is resistant to poisons.
                  | (rPois) [potion of mutation]
  2380 | D:3      | Slain by Anaz's ghost

Levels and vault maps discovered:
D:1:      roderic_dead_forest, layout_basic, minmay_bisected
D:2:      layout_loops_ring, nicolae_overflow_crystal_walls,
          chequers_ecumenical_altar_island, okawaru_ov_weapons_minmay
D:3:      layout_basic, gammafunk_ghost_stat_death, kennysheep_generic_room_12

Skill      XL: |  1  2  3  4  5 |
---------------+----------------+-----
Fighting       | 2 |  2.9
Dodging        | 3 |  3.6
Polearms       | 3 |  3.5
Armour         | 1 2 |  2.1
Spellcasting   | 1 |  1.9
Throwing       | |  1.7

Action                   |  1- 3 |  4- 6 || total
-------------------------+-------+-------++-------
Melee: Trident           |   139 |   133 ||   272
  Use: Scroll            |     9 |       ||     9
       Potion            |       |     3 ||     3
 Stab: Sleeping          |     7 |     5 ||    12
  Eat: Chunk             |     2 |     3 ||     5
Armor: Leather armour    |    27 |    64 ||    91
Dodge: Dodged            |    85 |   132 ||   217

Table legend:
 A = Non-vault XP
 B = Vault XP
 C = Vault XP percentage of total XP
 D = Non-vault monster count
 E = Vault monster count
 F = Vault count percentage of total count
                 A         B        C        D         E       F
            +---------+---------+-------+---------+---------+-------
      Total |     200 |     162 |  44.8 |      57 |       8 |  12.3
            +---------+---------+-------+---------+---------+-------
        D:1 |      18 |       5 |  21.7 |      10 |       3 |  23.1
        D:2 |      95 |       0 |   0.0 |      25 |       0 |   0.0
        D:3 |      87 |     157 |  64.3 |      22 |       5 |  18.5
            +---------+---------+-------+---------+---------+-------
